 Dungeon Crawl Stone Soup version 0.22.1-1-ga44c0e56f4 (webtiles) character file.

84 Kohma the Ruffian (level 4, -5/44 HPs)
             Began as a Troll Berserker on Oct 15, 2018.
             Was a Believer of Trog.
             Slain by a hobgoblin
             ... wielding a +0 club
             ... led by Robin
              (8 damage)
             ... on level 2 of the Dungeon.
             The game lasted 00:03:47 (866 turns).

Kohma the Ruffian (Troll Berserker)                  Turns: 866, Time: 00:03:49

Health: -5/44      AC:  5    Str: 25    XL:     4   Next: 24%
Magic:  3/3        EV: 10    Int:  3    God:    Trog [**....]
Gold:   42         SH:  0    Dex: 10    Spells: 3/3 levels left

rFire    . . .     SeeInvis .     - Unarmed
rCold    . . .     Gourm    +   (no shield)
rNeg     . . .     Faith    .   a - +0 animal skin
rPois    .         Spirit   .   (helmet restricted)
rElec    .         Reflect  .   (no cloak)
rCorr    .         Harm     .   (gloves unavailable)
MR       .....                  (boots unavailable)
Stlth    +.........             (no amulet)
HPRegen  0.54/turn              (no ring)
MPRegen  0.08/turn              (no ring)

@: berserk cooldown, slowed, very slow
A: large, unfitting armour, claws 3, fast metabolism 3, gourmand, regeneration
1, shaggy fur 1, tough skin 2
a: Berserk, Trog's Hand, Renounce Religion


You were on level 2 of the Dungeon.
You worshipped Trog.
Trog was pleased with you.
You were full.

You visited 1 branch of the dungeon, and saw 2 of its levels.

You collected 42 gold pieces.

Inventory:

Missiles
 h - 86 stones (quivered)
Armour
 a - a +0 animal skin (worn)
Jewellery
 g - a cursed -3 ring of strength {unknown}
Scrolls
 c - a scroll of enchant armour {unknown}
 j - a scroll of magic mapping {unknown}
 l - a scroll of identify {unknown}
Potions
 d - 2 potions of haste {unknown}
 e - a potion of heal wounds {unknown}
 i - a potion of lignification {unknown}
 k - a potion of might {unknown}
Comestibles
 b - 5 rations
 f - 12 chunks of flesh


   Skills:
 + Level 2.9 Fighting
 + Level 2.9 Dodging
 * Level 4.2 Unarmed Combat


You had 3 spell levels left.
You didn't know any spells.
Your spell library was empty.

Dungeon Overview and Level Annotations

Branches:
Dungeon (2/15)

Altars:
Yredelemnul
The Shining One


Innate Abilities, Weirdness & Mutations

You are too large for most types of armour.
You have claws for hands.
Your metabolism is lightning-fast.
You like to eat raw meat.
Your natural rate of healing is unusually fast.
You are covered in fur. (AC +1)
You have very tough skin. (AC +2)


Message History

The hobgoblin hits you but does no damage.
The goblin closely misses you. The goblin hits you but does no damage.
The hobgoblin hits you!
You scratch Robin.
You kill Robin!
Trog accepts your kill.
The goblin no longer looks unusually strong. x2
The hobgoblin no longer looks unusually strong.
The goblin closely misses you. The hobgoblin barely misses you.
The goblin hits you with a club. The goblin misses you. The hobgoblin hits you.
The goblin shoots a stone.
The stone hits you. The goblin hits you with a club.
* * * LOW HITPOINT WARNING * * *
The goblin barely misses you. The hobgoblin barely misses you.
You closely miss the goblin. The hobgoblin misses you.
The goblin hits you with a club.
* * * LOW HITPOINT WARNING * * *
The hobgoblin hits you.
* * * LOW HITPOINT WARNING * * *
The goblin hits you but does no damage. The hobgoblin hits you with a club!
You die...

#### #..)##
####.....#
####)g#gg.[.#
####..')g@gg...# ..
#.....#.g#gg...# ###
..#.##..####.....#
..####...
#.....##...##
..##...#
##.....#####
.....#..####.#......
.(.####....).####.##
...#####....## ..
......[.....# #


You could see 3 hobgoblins and 6 goblins.

Vanquished Creatures
  Robin (D:2)
  2 adders (D:2)
  2 ball pythons (D:1)
  4 giant cockroaches
  9 goblins
  7 hobgoblins
  6 jackals
  6 bats
  2 frilled lizards (D:2)
  5 kobolds (D:1)
  9 rats
53 creatures vanquished.

Notes
Turn   | Place    | Note
-------+----------+-------------------------------------------
     0 | D:1      | Kohma the Troll Berserker began the quest for the Orb.
     0 | D:1      | Reached XP level 1. HP: 22/22 MP: 0/0
   152 | D:1      | Reached XP level 2. HP: 25/29 MP: 1/1
   384 | D:1      | Reached ** piety under Trog
   565 | D:1      | Reached XP level 3. HP: 36/36 MP: 2/2
   720 | D:2      | Found a basalt altar of Yredelemnul.
   722 | D:2      | Noticed a profane servitor
   737 | D:2      | Found a glowing golden altar of the Shining One.
   739 | D:2      | Noticed an angel
   767 | D:2      | Reached skill level 4 in Unarmed Combat
   840 | D:2      | Noticed Robin
   851 | D:2      | Reached XP level 4. HP: 44/44 MP: 3/3
   865 | D:2      | Killed Robin
   866 | D:2      | Slain by a hobgoblin

Skill      XL: |  1  2  3 |
---------------+----------+-----
Unarmed Combat | 4 |  4.2
Fighting       | |  2.9
Dodging        | |  2.9

Action                   |  1- 3 |  4- 6 || total
-------------------------+-------+-------++-------
Melee: Unarmed           |   109 |    13 ||   122
Invok: Berserk           |     1 |       ||     1
  Eat: Chunk             |    12 |       ||    12
Armor: Animal skin       |    55 |     3 ||    58
Dodge: Dodged            |   110 |    22 ||   132
